AoeStats
← fbouser

Arabia

509251021Analyzed
2v2 RM · 7d ago on Sep 26, 2026· 49m 49s· 4 players
Game mode
Random Map
Map size
Medium (4 player)
Population
200
Speed
Normal
Resources
Standard
Victory
Conquest
Starting age
Dark Age
Ending age
Imperial Age
RankedLock teamsTeams togetherTeam positionsShared explorationLock speedFull tech treeHidden civsTurbo modeCheats
Victory
Defeat
🇨🇦 Berbers · Canada
1022
+12
🇺🇸 Malay · United States
919
+17
🇦🇷 Ethiopians · Argentina
978
-16
🇦🇷 Slavs · Argentina
901
-13
fbouser
6:43 Loom
9:14 Feudal Age
10:13 Double-Bit Axe
19:43 Castle Age
18:08 Gold Mining
18:12 Horse Collar
20:12 Crossbowman
21:56 Thumb Ring
24:36 Fletching
24:46 Padded Archer Armor
25:00 Squires
27:06 Bodkin Arrow
28:01 Scale Mail Armor
32:03 Sanctity
35:07 Forging
35:52 Stone Mining
38:07 Chain Mail Armor
39:40 Wheelbarrow
38:50 Town Watch
39:00 Town Watch
44:43 Imperial Age
44:12 Bow Saw
44:52 Ballistics
45:28 Leather Archer Armor
45:24 Bracer
45:23 Arbalester
48:27 Conscription
CaroDaddy
3:03 Loom
9:56 Feudal Age
10:32 Double-Bit Axe
21:04 Castle Age
19:24 Stone Mining
19:52 Scale Barding Armor
20:08 Gold Mining
20:45 Scale Mail Armor
21:23 Town Watch
22:16 Fletching
22:54 Husbandry
23:52 Bow Saw
24:24 Horse Collar
25:24 Wheelbarrow
28:07 Pikeman
29:17 Bloodlines
29:32 Chain Barding Armor
29:24 Forging
29:15 Heavy Plow
31:12 Bodkin Arrow
33:40 Squires
34:18 Iron Casting
34:43 Hand Cart
35:20 Chain Mail Armor
38:51 Imperial Age
39:46 Ballistics
40:15 Gold Shaft Mining
41:15 Plate Barding Armor
41:29 Murder Holes
41:31 Cavalier
43:14 Crop Rotation
45:22 Plate Mail Armor
46:35 Halberdier
BarracksObama
4:55 Loom
11:27 Feudal Age
15:36 Castle Age
22:28 Double-Bit Axe
31:08 Horse Collar
35:12 Imperial Age
32:29 Pikeman
34:17 Squires
36:29 Wheelbarrow
35:40 Town Watch
36:12 Halberdier
38:30 Heavy Plow
38:50 Bow Saw
40:30 Scale Barding Armor
40:36 Forging
44:45 Iron Casting
nightinglass
6:22 Loom
8:35 Feudal Age
11:32 Double-Bit Axe
21:09 Castle Age
19:39 Horse Collar
19:51 Gold Mining
20:10 Scale Barding Armor
20:43 Bloodlines
21:09 Forging
22:21 Chain Barding Armor
26:12 Wheelbarrow
25:23 Town Watch
30:54 Husbandry
31:32 Hand Cart
39:09 Imperial Age
38:47 Iron Casting
38:54 Fletching
39:03 Stone Mining
40:18 Ballistics
40:01 Bodkin Arrow
40:07 Padded Archer Armor
39:55 Cavalier
40:04 Elite Genitour
41:44 Plate Barding Armor
43:16 Bracer
44:17 Blast Furnace
43:52 Conscription
44:51 Chemistry
45:13 Bow Saw
45:37 Leather Archer Armor
Connection lost

Rejoining the realm…

Still unreachable

The connection could not be restored.

Session expired

The server has moved on; the page needs a fresh start.